 Dungeon Crawl Stone Soup version 0.28.0-53-g5a82cb258f (webtiles) character file.

Game seed: 14147271039851997174

139 DocClef the Chopper (level 5, -3/38 HPs)
             Began as a Demonspawn Gladiator on July 6, 2022.
             Slain by an orc
             ... wielding a +2 hand axe of electrocution
              (4 damage)
             ... on level 3 of the Dungeon.
             The game lasted 00:02:51 (2482 turns).

DocClef the Chopper (Demonspawn Gladiator)          Turns: 2482, Time: 00:02:52

Health: -3/38      AC:  6    Str: 17    XL:     5   Next: 1%
Magic:  5/5        EV: 12    Int:  9    God:
Gold:   113        SH:  0    Dex: 14    Spells: 4/4 levels left

rFire   . . .      SeeInvis .   a - +0 war axe
rCold   . . .      Faith    .   (no shield)
rNeg    . . .      Spirit   .   b - +0 leather armour
rPois   .          Reflect  .   c - +0 helmet
rElec   .          Harm     .   f - +0 cloak
rCorr   .          Rampage  .   (no gloves)
Will    .....                   (no boots)
Stlth   +.........              (no amulet)
HPRegen 0.12/turn               (no ring)
MPRegen 0.09/turn               (no ring)

@: no status effects
A: foul stench 1, sharp scales 1, weakness stinger 1
a: no special abilities


You were on level 3 of the Dungeon.
You visited 1 branch of the dungeon, and saw 3 of its levels.

You collected 113 gold pieces.

Inventory:

Hand Weapons
 a - a +0 war axe (weapon)
Missiles
 d - 3 throwing nets (quivered)
Armour
 b - a +0 leather armour (worn)
 c - a +0 helmet (worn)
 f - a +0 cloak (worn)
Scrolls
 e - 2 scrolls of teleportation {unknown}
 g - a scroll of vulnerability {unknown}
 h - 2 scrolls of immolation {unknown}
 k - a scroll of identify {unknown}
Potions
 i - a potion of lignification
 j - a potion of haste
 l - a potion of invisibility {unknown}


   Skills:
 - Level 2.0 Fighting
 + Level 5.2 Axes
 - Level 1.7 Throwing
 - Level 2.6 Dodging


You had 4 spell levels left.
You didn't know any spells.
Your spell library contained the following spells:

 Spells                   Type           Power      Damage    Failure   Level
 Animate Skeleton         Necr           0%         N/A       45%         1
 Apportation              Tloc           0%         N/A       45%         1
 Foxfire                  Conj/Fire      0%         2x1d4     45%         1
 Summon Small Mammal      Summ           0%         N/A       45%         1
 Conjure Flame            Conj/Fire      0%         6-21      83%         3
 Inner Flame              Hex/Fire       0%         N/A       83%         3
 Flame Wave               Conj/Fire      0%         2d4       99%         4


Dungeon Overview and Level Annotations

Branches:
Dungeon (3/15)

Altars:

Shops:
D:1 *


Innate Abilities, Weirdness & Mutations

You may rarely emit foul miasma when damaged in melee.
You are partially covered in razor-sharp scales. (AC +1, Slay +1)
You have a small tail.


Message History

* * * LOW HITPOINT WARNING * * *
You hear some strange, mumbled words.
Something tries to affect you, but you resist.
You have reached level 5!
Unknown command.
You're too confused to move!
Unknown command.
Unknown command.
You hit the orc.
The orc is severely wounded.
You closely miss the orc. You closely miss something.
The orc hits you but does no damage. Something hits you but does no damage.
The orc closely misses you.
Unknown command.
Unknown command.
You're too confused to move!
You feel less confused. The orc barely misses you.
Something hits you but does no damage. The orc hits you with a +3 hand axe.
* * * LOW HITPOINT WARNING * * *
You slash the orc!
You kill the orc!
You miss something. You barely miss the orc.
The orc hits you but does no damage. Something hits you but does no damage.
The orc hits you with a +2 hand axe of electrocution.
* * * LOW HITPOINT WARNING * * *
Unknown command.
You hit the orc.
The orc is severely wounded.
You barely miss something.
You hear some strange, mumbled words.
A magic dart appears from out of thin air!
The magic dart hits you but does no damage.
The orc barely misses you. Something hits you.
* * * LOW HITPOINT WARNING * * *
You barely miss the orc.
Your tail-slap misses the orc.
The orc is severely wounded.
You closely miss something.
The orc hits you with a +2 hand axe of electrocution.
You die...

########## #........##
#.........# ####### #......)..###
#...... #.......# #....<. #####
####..{)####### #......
##...#########.o@.............###
#..#...##...........#####.....###
#.####.##..........### #.#####..
#.# #................ . ####..#
..# ##....)[.......#######....##
..#####....##.....<.......#.#####
#........#####.....#............#
###.#.##.####..##....####........
#.#.....#....##.##...##.####.##


You could see an orc.

Vanquished Creatures
  An orc wizard (D:3)
  4 adders
  2 worms (D:2)
  2 dart slugs
  7 orcs (D:3)
  5 bats
  3 endoplasms
  2 giant cockroaches
  2 goblins
  4 hobgoblins
  7 jackals (D:1)
  5 kobolds
  3 quokkas
  4 ball pythons
  2 frilled lizards
  6 rats
59 creatures vanquished.

Notes
Turn   | Place    | Note
-------+----------+-------------------------------------------
     0 | D:1      | DocClef the Demonspawn Gladiator began the quest for the
                  | Orb.
     0 | D:1      | Reached XP level 1. HP: 16/16 MP: 1/1
    33 | D:1      | Reached skill level 3 in Axes
    50 | D:1      | Gained mutation: You are partially covered in razor-sharp
                  | scales. (AC +1, Slay +1) [demonic ancestry]
    50 | D:1      | Reached XP level 2. HP: 18/22 MP: 2/2
   727 | D:1      | Found Xorgh's Assorted Antiques.
   903 | D:2      | Gained mutation: You have a small tail. [demonic ancestry]
   903 | D:2      | Reached XP level 3. HP: 24/27 MP: 3/3
   971 | D:2      | Reached skill level 4 in Axes
  1348 | D:2      | Gained mutation: You may rarely emit foul miasma when
                  | damaged in melee. [demonic ancestry]
  1348 | D:2      | Reached XP level 4. HP: 33/33 MP: 4/4
  1663 | D:3      | Reached skill level 5 in Axes
  2087 | D:3      | Found a faded altar of an unknown god.
  2474 | D:3      | Reached XP level 5. HP: 11/38 MP: 5/5
  2481 | D:3      | HP: 1/38 [something (1)]
  2482 | D:3      | Slain by an orc

Illustrated notes

Levels and vault maps discovered:
D:1:      dpeg_arrival_rhombus, layout_loops_ring, serial_shops,
          nicolae_shop_waterfront
D:2:      layout_rooms
D:3:      layout_rooms, hellmonk_ecumenical_altar_heavens_door

Skill      XL: |  1  2  3  4 |
---------------+-------------+-----
Axes           | 3 4 5 |  5.2
Fighting       | |  2.0
Throwing       | |  1.7
Dodging        | |  2.6

Action                   |  1- 3 |  4- 6 || total
-------------------------+-------+-------++-------
Melee: War axe           |    80 |    58 ||   138
       Tailslap          |     3 |     7 ||    10
       Punch             |     1 |       ||     1
  Use: Potion            |     3 |       ||     3
Armor: Leather armour    |    36 |    36 ||    72
Dodge: Dodged            |    55 |    37 ||    92
